 Dungeon Crawl Stone Soup version 0.18.1-6-gd335043 (webtiles) character file.

10747 oplop the Pandemonic (level 11, -11/104 HPs)
             Began as a Deep Dwarf Gladiator on May 15, 2016.
             Was a High Priest of Makhleb.
             Shot with a bolt by a yaktaur (27 damage)
             ... on level 13 of the Dungeon.
             The game lasted 00:27:51 (10289 turns).

oplop the Pandemonic (Deep Dwarf Gladiator)        Turns: 10289, Time: 00:27:52

Health: -11/104    AC: 12    Str: 20    XL:     11   Next: 40%
Magic:  8/8        EV: 16    Int: 13    God:    Makhleb [*****.]
Gold:   494        SH:  6    Dex: 16    Spells: 0 memorised, 10 levels left

rFire  . . .     SeeInvis .     u - +1 demon whip
rCold  + . .     Gourm    .     y - +3 leather armour {rC+}
rNeg   . . .     Faith    .     Q - +2 buckler
rPois  .         Spirit   .     c - +0 helmet
rElec  .         Dismiss  .     (no cloak)
rCorr  .         Reflect  .     i - +1 pair of gloves {archery}
SustAt .         Harm     .     O - +0 pair of boots
MR     +....                    (no amulet)
Stlth  +.........               t - +3 ring of intelligence
                                q - +2 ring of intelligence

@: non-regenerating, somewhat resistant to hostile enchantments, very unstealthy
A: damage resistance, recharge devices, sense surroundings 2, slow regeneration
3
a: Device Recharging, Minor Destruction, Lesser Servant of Makhleb, Major
Destruction, Greater Servant of Makhleb, Renounce Religion


You were on level 13 of the Dungeon.
You worshipped Makhleb.
Makhleb was extremely pleased with you.
You were not hungry.

You visited 1 branch of the dungeon, and saw 13 of its levels.

You collected 615 gold pieces.
You spent 121 gold pieces at shops.

Inventory:

Hand Weapons
 a - a +0 war axe
 u - a +1 demon whip (weapon)
 x - a +0 morningstar
Missiles
 d - 3 throwing nets (quivered)
Armour
 b - a +0 hat
 c - a +0 helmet (worn)
 i - a +1 pair of gloves of archery (worn)
 y - a +3 leather armour of cold resistance (worn)
 G - a +0 chain mail of poison resistance
 O - a +0 pair of boots (worn)
 Q - a +2 buckler (worn)
Jewellery
 q - a +2 ring of intelligence (left hand)
 t - a +3 ring of intelligence (right hand)
 M - an uncursed ring of magical power {unknown}
Wands
 e - a wand of heal wounds (0/9)
 z - a wand of acid (0/15)
 D - a wand of iceblast (10/15)
 K - a wand of acid (6/15)
 N - a wand of iceblast (5/15)
 P - a wand of lightning (11/15)
Scrolls
 g - a scroll of amnesia
 j - a scroll of teleportation
 m - 13 scrolls of remove curse
 n - 2 scrolls of blinking
 w - 5 scrolls of identify
 A - 2 scrolls of enchant weapon
 C - 3 scrolls of torment
 L - a scroll of summoning
Potions
 k - 2 potions of beneficial mutation {unknown}
 l - a potion of invisibility {unknown}
 o - a potion of curing
 p - 2 potions of haste
 s - 2 potions of mutation {unknown}
 v - a potion of heal wounds
 B - a potion of flight {unknown}
 E - a potion of brilliance {unknown}
 F - a potion of agility {unknown}
 S - a potion of cure mutation {unknown}
Books
 H - a book of Geomancy

   Spells                             Type                      Level
   a - Sandblast                      Earth                        1
   b - Passwall                       Transmutation/Earth          2
   c - Stone Arrow                    Conjuration/Earth            3
   d - Petrify                        Transmutation/Earth          4
   e - Lee's Rapid Deconstruction     Earth                        5
 I - Sif Muna's Compendium of Darkness and the Voyage
   (You found it on level 11 of the Dungeon)

   Spells                             Type                      Level
   a - Regeneration                   Charms/Necromancy            3
   b - Force Lance                    Conjuration/Translocation    4
   c - Control Undead                 Necromancy                   4
   d - Excruciating Wounds            Charms/Necromancy            5
Comestibles
 f - 9 bread rations
 h - 6 meat rations
 r - 6 royal jellies
 R - 2 chunks of flesh


   Skills:
 + Level 8.3 Fighting
 + Level 10.3 Axes
 - Level 1.7 Throwing
 + Level 7.9 Armour
 - Level 7.6 Dodging
 + Level 1.2 Shields
 + Level 11.2 Invocations


You had 10 spell levels left.
You didn't know any spells.

Dungeon Overview and Level Annotations

Branches:
Dungeon (13/15)            Temple (0/1) D:7            Lair (0/8) D:8
    Orc (0/2) D:11         Vaults (0/5) D:13

Altars:
Cheibriados
Dithmenos
Elyvilon
Fedhas
Makhleb
Sif Muna
Trog
Zin
The Shining One

Shops:
D:7 [   D:8 *   D:11 :

Annotations:
D:5 Duvessa; Loading's ghost, novice GrGl; Pikel
D:13 Maud


Innate Abilities, Weirdness & Mutations

You are resistant to damage.
You can recharge devices by infusing magical energy.
You passively map the area around you.
You do not regenerate naturally.


Message History

Maud moves out of view.
A wyvern skeleton comes into view.
There are monsters nearby!
There are monsters nearby!
You are too injured to fight recklessly!
Unknown command.
Really walk into that teleport trap? [Y]es or [N]o only, please.
Really walk into that teleport trap?
You enter a teleport trap!
The teleport trap disappears.
Your surroundings suddenly seem different. 2 centaurs, 2 yaktaurs and a yaktaur captain come into view.
The yaktaur captain shouts!
The yaktaur shouts! x2; The centaur shouts!
The centaur wields a shortbow.
The centaur shoots an arrow.
The arrow barely misses you.
The arrow closely misses the yaktaur captain.
The centaur warrior wields a shortbow.
The centaur warrior shoots an arrow.
You block the arrow.
The yaktaur wields an arbalest.
The yaktaur shoots a bolt.
The bolt hits you!!
You die...

* * * * ##.,
,, *
....#####, ,
* .......c#
** , , *
.......@#,
,, , * ,
.#c.....# *
,#∩c...c. ,
, * * *
###.....# ,,
** , , ,
.......c ,
** ***
*,#.#...c.##
* ** #
.........# *
* , # *
##@##....# *
* ## ,, *
,,, ,


You could see Frances (wandering), a yaktaur captain, a centaur warrior, 2
yaktaurs and 2 centaurs.

Vanquished Creatures
  Maurice (D:11)
  A troll (D:10)
  2 shadows (D:11)
  4 yaks (D:11)
  A wyvern (D:11)
  2 hippogriffs
  A vampire mosquito (D:13)
  A warg (D:11)
  A mottled dragon (D:11)
  A slave (D:6)
  3 orc warriors
  A phantom (D:11)
  2 sky beasts
  4 centaurs
  3 ogres
  3 big kobolds
  7 giant frogs
  4 scorpions (D:9)
  9 killer bees
  5 wights (D:7)
  An electric eel (D:11)
  A howler monkey (D:5)
  3 crimson imps
  A jelly (D:12)
  3 giant frog skeletons
  2 giant frog zombies
  7 hounds
  12 orc priests
  20 orc wizards
  2 iguanas (D:11)
  14 worker ants
  A worker ant zombie (D:11)
  13 adders
  4 gnolls (D:3)
  4 shadow imps
  An adder zombie (D:5)
  2 dart slugs (D:1)
  2 giant geckos
  47 orcs
  2 ball pythons (D:2)
  8 bats
  8 giant cockroaches
  12 goblins
  6 hobgoblins
  13 jackals
  20 kobolds
  3 quokkas
  A giant gecko skeleton (D:7)
  4 giant newts
  A jackal zombie (D:6)
  9 rats
283 creatures vanquished.

Vanquished Creatures (collateral kills)
  A hydra (D:12)
  A hill giant (D:12)
  A deep elf mage (D:11)
  A cyclops (D:12)
  3 slime creatures (D:12)
  An ugly thing (D:12)
  Psyche (D:12)
  A queen bee (D:12)
  2 trolls
  A shadow (D:12)
  7 yaks
  A vampire mosquito (D:13)
  An orc warrior (D:12)
  A sky beast (D:12)
  An ogre (D:11)
  A wasp (D:12)
  A centaur (D:8)
  A crocodile (D:12)
  A giant frog (D:12)
  15 killer bees
  A jelly (D:13)
  3 orc wizards
  2 orc priests
  2 worker ants (D:12)
  A killer bee zombie (D:8)
  2 shadow imps (D:12)
  4 orcs
  2 kobolds (D:8)
60 creatures vanquished.

Vanquished Creatures (others)
  4 fungi (D:9)
  3 plants
7 creatures vanquished.

Grand Total: 350 creatures vanquished

Notes
Turn   | Place    | Note
--------------------------------------------------------------
     0 | D:1      | oplop the Deep Dwarf Gladiator began the quest for the Orb.
     0 | D:1      | Reached XP level 1. HP: 19/19 MP: 1/1
    18 | D:1      | Reached XP level 2. HP: 16/26 MP: 2/2
   276 | D:1      | Reached skill level 1 in Armour
   681 | D:2      | Reached XP level 3. HP: 14/33 MP: 3/3
   986 | D:2      | Reached XP level 4. HP: 39/40 MP: 4/4
  1797 | D:3      | Reached XP level 5. HP: 22/48 MP: 5/5
  1900 | D:4      | Found a shadowy altar of Dithmenos.
  1961 | D:4      | Found a glowing golden altar of the Shining One.
  1972 | D:4      | Found a burning altar of Makhleb.
  2171 | D:4      | Became a worshipper of Makhleb the Destroyer
  2363 | D:4      | Reached XP level 6. HP: 28/56 MP: 5/5
  2488 | D:4      | Reached skill level 1 in Invocations
  2823 | D:4      | Reached skill level 5 in Axes
  2823 | D:4      | Reached skill level 5 in Dodging
  2847 | D:4      | Found a white marble altar of Elyvilon.
  2883 | D:4      | Reached skill level 2 in Invocations
  3008 | D:5      | Entered Level 5 of the Dungeon
  3060 | D:5      | Reached * piety under Makhleb
  3099 | D:5      | Reached XP level 7. HP: 32/63 MP: 7/7
  3163 | D:5      | Noticed Loading's ghost (novice GrGl)
  3304 | D:5      | Reached skill level 3 in Invocations
  3378 | D:5      | Noticed Duvessa
  3573 | D:5      | Noticed Pikel
  3661 | D:6      | Reached skill level 4 in Invocations
  3685 | D:6      | Found a bloodstained altar of Trog.
  4143 | D:7      | Reached XP level 8. HP: 41/73 MP: 7/7
  4162 | D:7      | Reached ** piety under Makhleb
  4302 | D:7      | Found a blossoming altar of Fedhas.
  4379 | D:7      | Reached skill level 5 in Invocations
  4398 | D:7      | Reached skill level 5 in Fighting
  4575 | D:7      | Found Qodox's Antique Armour Boutique.
  4578 | D:7      | Bought a pair of glowing gloves for 121 gold pieces
  4785 | D:7      | Found a staircase to the Ecumenical Temple.
  4863 | D:7      | Reached skill level 6 in Invocations
  5210 | D:8      | Found a glowing silver altar of Zin.
  5211 | D:8      | Found Zin's Purification Station.
  5365 | D:8      | Found a staircase to the Lair.
  5366 | D:8      | Noticed a komodo dragon
  5433 | D:8      | HP: 3/75 [komodo dragon (16)]
  5452 | D:8      | Gained mutation: You passively map the area around you. [Deep Dwarf growth]
  5452 | D:8      | Reached XP level 9. HP: 43/81 MP: 7/7
  5920 | D:6      | Reached *** piety under Makhleb
  6072 | D:5      | Found a snail-covered altar of Cheibriados.
  6241 | D:9      | Reached skill level 7 in Invocations
  6559 | D:9      | Reached skill level 8 in Invocations
  6597 | D:9      | Noticed a troll
  6612 | D:9      | Reached **** piety under Makhleb
  6613 | D:9      | oplop: wand of acid
  6613 | D:9      | oplop: ??wand of acid
  6613 | D:9      | beem: corrosive bolt[1/1]: Monster spell that fires a bolt of acid. Does about 3/4 as much damage as elemental bolts (fire, cold) but causes {corrosion}.
  6637 | D:10     | Entered Level 10 of the Dungeon
  6934 | D:10     | Noticed a troll
  6947 | D:10     | Killed a troll
  7570 | D:11     | Reached XP level 10. HP: 50/92 MP: 8/8
  7578 | D:11     | Reached skill level 5 in Armour
  7584 | D:11     | HP: 3/92 [troll (11)]
  7611 | D:11     | Reached skill level 9 in Invocations
  7644 | D:11     | Identified Sif Muna's Compendium of Darkness and the Voyage
  7714 | D:11     | Noticed Maurice
  7767 | D:11     | Killed Maurice
  7792 | D:11     | Found a staircase to the Orcish Mines.
  7874 | D:11     | Reached ***** piety under Makhleb
  7913 | D:11     | Found Voeplela's Book Emporium.
  8234 | D:11     | Reached skill level 10 in Invocations
  8507 | D:11     | Noticed a deep elf mage
  8520 | D:11     | Killed a deep elf mage
  9244 | D:8      | Found a deep blue altar of Sif Muna.
  9471 | D:12     | Reached XP level 11. HP: 48/103 MP: 8/8
  9508 | D:12     | Noticed a purple ugly thing
  9516 | D:12     | Killed a purple ugly thing
  9531 | D:12     | Noticed a hill giant
  9537 | D:12     | Killed a hill giant
  9626 | D:12     | Noticed Psyche
  9633 | D:12     | Killed Psyche
  9633 | D:12     | Reached skill level 10 in Axes
  9860 | D:12     | Noticed a seven-headed hydra
  9867 | D:12     | Killed a seven-headed hydra
  9887 | D:12     | Reached skill level 11 in Invocations
  9890 | D:12     | HP: 1/103 [yak (13)]
 10036 | D:12     | HP: 5/103 [killer bee (5)]
 10079 | D:12     | Reached skill level 1 in Shields
 10250 | D:13     | HP: 4/103 [vampire mosquito (5)]
 10286 | D:13     | Noticed Maud
 10289 | D:13     | Found a gate to the Vaults.
 10289 | D:13     | Noticed a yaktaur captain
 10289 | D:13     | Shot with a bolt by a yaktaur

Skill      XL: |  1  2  3  4  5  6  7  8  9 10 11 |
---------------+----------------------------------+-----
Fighting       | 2 3 4 5 6 7 8 |  8.3
Armour         | 1 2 4 7 |  7.9
Dodging        | 4 5 6 7 |  7.6
Axes           | 4 5 7 8 9 10 | 10.3
Invocations    | 2 4 6 8 10 11 | 11.2
Shields        | 1 |  1.2
Throwing       | |  1.7

Action                   |  1- 3 |  4- 6 |  7- 9 | 10-12 || total
-------------------------+-------+-------+-------+-------++-------
Melee: War axe           |   101 |   211 |   528 |   278 ||  1118
       Demon whip        |       |       |       |    45 ||    45
Throw: Throwing net      |       |       |       |     1 ||     1
Invok: Minor Destruction |       |       |     3 |    45 ||    48
       Lesser Servant of |       |       |     2 |    18 ||    20
 Abil: Device Recharging |       |     2 |     6 |     3 ||    11
Evoke: Wand              |     2 |     8 |    26 |    12 ||    48
  Use: Potion            |       |     1 |     3 |     2 ||     6
       Scroll            |       |       |    10 |     4 ||    14
 Stab: Sleeping          |     1 |     1 |       |     1 ||     3
       Distracted        |       |     1 |       |     1 ||     2
       Petrifying        |       |       |       |     1 ||     1
  Eat: Chunk             |       |     8 |    12 |     8 ||    28
       Beef jerky        |       |       |     2 |       ||     2
       Pizza             |       |       |       |     2 ||     2
       Royal jelly       |       |       |       |     1 ||     1
Armor: Leather armour    |    38 |    53 |   140 |   109 ||   340
Dodge: Dodged            |   100 |   203 |   541 |   318 ||  1162
Block: Buckler           |       |       |       |    34 ||    34
